 Dungeon Crawl Stone Soup version 0.27.0-1-g7a089689b8 (webtiles) character file.

Game seed: 12034766059739960332

14 Thatpatchoflichen the Ogre Mage (level 2, -2/27 HPs)
             Began as an Ogre Hedge Wizard on Aug 7, 2021.
             Slain by a kobold (4 damage)
             ... on level 1 of the Dungeon.
             The game lasted 00:01:53 (301 turns).

Thatpatchoflichen the Ogre Mage (Ogre Hedge Wizard)  Turns: 301, Time: 00:01:53

Health: -2/27      AC:  3    Str: 13    XL:     2   Next: 41%
Magic:  6/6        EV:  9    Int: 15    God:
Gold:   25         SH:  0    Dex:  8    Spells: 7/8 levels left

rFire    . . .     SeeInvis .   a - +0 dagger
rCold    . . .     Faith    .   (no shield)
rNeg     . . .     Spirit   .   b - +0 robe
rPois    .         Reflect  .   c - +0 hat
rElec    .         Harm     .   (no cloak)
rCorr    .         Rampage  .   (gloves unavailable)
Will     .....                  (boots unavailable)
Stlth    +.........             (no amulet)
HPRegen  0.09/turn              (no ring)
MPRegen  0.10/turn              (no ring)

@: no status effects
A: large, unfitting armour, tough skin 1
a: no special abilities


You were on level 1 of the Dungeon.
You visited 1 branch of the dungeon, and saw 2 of its levels.

You collected 25 gold pieces.

Inventory:

Hand Weapons
 a - a +0 dagger (weapon)
Armour
 b - a +0 robe (worn)
 c - a +0 hat (worn)
Scrolls
 d - 2 scrolls of teleportation {unknown}
Potions
 e - a potion of degeneration {unknown}
 f - a potion of heal wounds {unknown}


   Skills:
 + Level 1.4 Fighting
 + Level 2.1 Dodging
 - Level 1.4 Stealth
 + Level 3.9 Spellcasting
 - Level 0.8 Conjurations
 - Level 0.8 Summonings
 - Level 0.8 Translocations


You had 7 spell levels left.
You knew the following spells:

 Your Spells              Type           Power      Damage    Failure   Level
a - Magic Dart            Conj           20%        1d4       13%         1

Your spell library contained the following spells:

 Spells                   Type           Power      Damage    Failure   Level
 Blink                    Tloc           N/A        N/A       19%         2
 Call Imp                 Summ           5%         N/A       19%         2
 Slow                     Hex            2%         N/A       28%         2
 Conjure Flame            Conj/Fire      4%         6-21      43%         3
 Mephitic Cloud           Conj/Pois/Air  3%         N/A       43%         3


Dungeon Overview and Level Annotations

Branches:
Dungeon (2/15)

Altars:


Innate Abilities, Weirdness & Mutations

You are too large for most types of armour.
You have tough skin. (AC +1)


Message History

You hit the ball python.
The ball python is heavily wounded.
The ball python barely misses you. The ball python bites you.
You hit the ball python.
You kill the ball python!
You hit the jackal but do no damage. The jackal bites you. x2
You barely miss the jackal. The jackal misses you.
The kobold shouts!
You hit the jackal but do no damage. The jackal bites you.
* * * LOW HITPOINT WARNING * * *
The jackal bites you but does no damage.
You hit the jackal.
The jackal is lightly wounded.
The jackal barely misses you.
The kobold throws a stone.
The stone hits you but does no damage.
You hit the jackal.
The jackal is severely wounded.
The jackal barely misses you.
The kobold throws a stone.
The stone closely misses you.
The stone hits the jackal but does no damage.
You hit the jackal.
The jackal is almost dead.
The jackal barely misses you. The jackal bites you.
* * * LOW HITPOINT WARNING * * *
You closely miss the jackal.
The jackal is almost dead.
The jackal bites you but does no damage.
You closely miss the jackal.
The jackal is almost dead.
The jackal bites you.
* * * LOW HITPOINT WARNING * * *
The jackal bites you.
* * * LOW HITPOINT WARNING * * *
The kobold hits you but does no damage.
Casting: Magic Dart (safe; 13% risk of failure)
Confirm with . or Enter, or press ? or * to list all spells.
You don't know that spell.
You miss the kobold. The jackal misses you.
The kobold hits you with a +0 short sword.
You die...

#............... #......###.....
#..........##.######)....รท...##.
##.#...)##.#..# ###.......#..
#.#....##.#.## ##......#..
#......##.#.## #..##..#..
#..##.#......# #..##..#..
#....#.###...# #......#..
##..##.# #...##### ########
#.#.#.###..>K@h.#
#.#......#.####.#
#..#....#......).#
#.##..#.#..####..# ............#
#..# ###.##.......# #..# #.
#....#..# ...h .......... .?h.
##.##.#..## .#.#.


You could see a jackal and a kobold.

Vanquished Creatures
  An endoplasm (D:1)
  A goblin (D:1)
  2 hobgoblins (D:1)
  2 jackals (D:1)
  A kobold (D:1)
  2 ball pythons (D:1)
  3 bats (D:1)
12 creatures vanquished.

Notes
Turn   | Place    | Note
-------+----------+-------------------------------------------
     0 | D:1      | Thatpatchoflichen the Ogre Hedge Wizard began the quest for
                  | the Orb.
     0 | D:1      | Reached XP level 1. HP: 16/16 MP: 5/5
     9 | D:1      | Found a faded altar of an unknown god.
   151 | D:1      | Reached skill level 1 in Fighting
   254 | D:1      | Reached XP level 2. HP: 27/27 MP: 6/6
   301 | D:1      | Slain by a kobold

Illustrated notes

Levels and vault maps discovered:
D:1:      amcnicky_arrival_wind_blow, layout_loops_ring, basic_ecumenical_altar,
          minmay_rat_gold_closets
D:2:      layout_basic, uniq_robin

Skill      XL: |  1 |
---------------+----+-----
Fighting       | 1 |  1.4
Dodging        | 2 |  2.1
Stealth        | |  1.4
Spellcasting   | |  3.9
Conjurations   | |  0.8
Summonings     | |  0.8
Translocations | |  0.8

Action                   || total
-------------------------++-------
Melee: Dagger            ||    55
 Cast: Magic Dart        ||     9
Armor: Robe              ||    26
Dodge: Dodged            ||    33
